| TOP OF THE 1ST |
|
Rice University Owls batting - Pitching for Stanford University Cardinal : RHP Juvas Tanuja
|
|
Pitching: RHP Juvas Tanuja
|
|
|
Batting: LHB Chris Gonzales
|
0-0: Called Strike 0-1: Called Strike 0-2: Ball 1-2: Ground out 4-3 (Groundball, 4MD, EV 88.8 MPH)
|
|
Batting: RHB Javier Quinones
|
0-0: Called Strike 0-1: Foul Ball, location: 2F 0-2: Ball 1-2: Ball 2-2: Strikes out swinging
|
|
Batting: RHB Jose Soto
|
0-0: Fly out, F6 (Popup, 4MD, EV 67.5 MPH)
|
| Top of the 1st over - 0 runs, 0 hits, 0 errors, 0 left on base; Rice University 0 - Stanford University 0 |
| BOTTOM OF THE 1ST |
|
Stanford University Cardinal batting - Pitching for Rice University Owls : RHP Frank Renteria
|
|
Pitching: RHP Frank Renteria
|
|
|
Batting: RHB Josh Benefield
|
0-0: Fly out, F9 (Flyball, 9LMF, EV 92.5 MPH)
|
|
Batting: SHB Philippe Huff
|
0-0: Ball 1-0: Called Strike 1-1: SINGLE (Groundball, 4MD, EV 101.9 MPH)
|
|
Batting: LHB Donny Kleinjan
|
0-0: Called Strike 0-1: Ball 1-1: Ball 2-1: Ball 3-1: DOUBLE (Line Drive, 78D, EV 101.2 MPH) Philippe Huff to third Runner from 3rd tries for Home, SAFE, throw by LF to home
|
|
Batting: RHB Joe Petley
|
0-0: Ball 1-0: Called Strike 1-1: Foul Ball, location: 2F 1-2: Ball 2-2: Foul Ball, location: 2F 2-2: Foul Ball, location: 2F 2-2: Strikes out swinging
|
|
Batting: RHB Dzevat Koljevic
|
0-0: Fly out, F7 (Flyball, 7LD, EV 91.9 MPH)
|
| Bottom of the 1st over - 1 run, 2 hits, 0 errors, 1 left on base; Rice University 0 - Stanford University 1 |
| TOP OF THE 2ND |
|
Rice University Owls batting - Pitching for Stanford University Cardinal : RHP Juvas Tanuja
|
|
Batting: SHB Ken Wilson
|
0-0: Swinging Strike 0-1: Ball 1-1: Called Strike 1-2: Foul Ball, location: 2F 1-2: Strikes out looking
|
|
Batting: RHB Neil Worth
|
0-0: Called Strike 0-1: Ball 1-1: Swinging Strike 1-2: Strikes out swinging
|
|
Batting: RHB Bill Turcotte
|
0-0: Ball 1-0: Ground out 6-3 (Groundball, 6, EV 109.4 MPH)
|
| Top of the 2nd over - 0 runs, 0 hits, 0 errors, 0 left on base; Rice University 0 - Stanford University 1 |
| BOTTOM OF THE 2ND |
|
Stanford University Cardinal batting - Pitching for Rice University Owls : RHP Frank Renteria
|
|
Batting: RHB Gary Preston
|
0-0: Foul Ball, location: 2F 0-1: Ball 1-1: Swinging Strike 1-2: Strikes out swinging
|
|
Batting: RHB Erwin Young
|
0-0: Ball 1-0: Ball 2-0: Ball 3-0: Base on Balls
|
|
Batting: RHB Eric McDonald
|
0-0: Ball 1-0: Ball 2-0: Ball 3-0: Base on Balls Erwin Young to second
|
|
Batting: LHB Mike Keating
|
0-0: Swinging Strike 0-1: Fly out, F8 (Line Drive, 8RM, EV 88.8 MPH)
|
|
Batting: RHB Josh Benefield
|
0-0: Called Strike 0-1: Fielders Choice at 2nd, 6-4 (Groundball, 56, EV 83.1 MPH)
|
| Bottom of the 2nd over - 0 runs, 0 hits, 0 errors, 2 left on base; Rice University 0 - Stanford University 1 |
| TOP OF THE 3RD |
|
Rice University Owls batting - Pitching for Stanford University Cardinal : RHP Juvas Tanuja
|
|
Batting: RHB Allen Jarvis
|
0-0: Ball 1-0: Ground out 5-3 (Groundball, 56S, EV 86.2 MPH)
|
|
Batting: RHB Emanuel Pulido
|
0-0: Swinging Strike 0-1: Ball 1-1: Called Strike 1-2: Ball 2-2: Ball 3-2: Base on Balls
|
|
Batting: RHB Frank Renteria
|
0-0: Called Strike 0-1: Ball 1-1: Foul Ball, location: 2F 1-2: Foul Ball, location: 2F 1-2: Ball 2-2: Ball 3-2: Ground out 5-3 (Groundball, 56S, EV 71.2 MPH) Emanuel Pulido to second
|
|
Batting: LHB Chris Gonzales
|
0-0: Ground out 4-3 (Groundball, 4M, EV 103.1 MPH)
|
| Top of the 3rd over - 0 runs, 0 hits, 0 errors, 1 left on base; Rice University 0 - Stanford University 1 |
| BOTTOM OF THE 3RD |
|
Stanford University Cardinal batting - Pitching for Rice University Owls : RHP Frank Renteria
|
|
Batting: SHB Philippe Huff
|
0-0: Called Strike 0-1: SINGLE (Groundball, 34D, EV 98.1 MPH)
|
|
Batting: LHB Donny Kleinjan
|
0-0: Ball 1-0: Ball 2-0: Called Strike 2-1: Foul Ball, location: 2F 2-2: Foul Ball, location: 2F 2-2: Foul Ball, location: 2F 2-2: Ball 3-2: Hit by Pitch Philippe Huff to second
|
|
Batting: RHB Joe Petley
|
0-0: Called Strike 0-1: Called Strike 0-2: Ball 1-2: Ball 2-2: Fly out, F5 (Line Drive, 56, EV 67.5 MPH)
|
|
Batting: RHB Dzevat Koljevic
|
0-0: Foul Ball, location: 2F 0-1: Fly out, F9 (Flyball, 9D, EV 81.9 MPH)
|
|
Batting: RHB Gary Preston
|
0-0: Fly out, F4 (Popup, 34, EV 78.1 MPH)
|
| Bottom of the 3rd over - 0 runs, 1 hit, 0 errors, 2 left on base; Rice University 0 - Stanford University 1 |
| TOP OF THE 4TH |
|
Rice University Owls batting - Pitching for Stanford University Cardinal : RHP Juvas Tanuja
|
|
Batting: RHB Javier Quinones
|
0-0: Swinging Strike 0-1: Ball 1-1: Ball 2-1: Ball 3-1: Base on Balls
|
|
Batting: RHB Jose Soto
|
0-0: Ball 1-0: Fielders Choice at 2nd, 6-4 (Groundball, 6S, EV 85.6 MPH)
|
|
Batting: SHB Ken Wilson
|
0-0: Called Strike Jose Soto steals 2nd base 0-1: Ball 1-1: Swinging Strike 1-2: Ball 2-2: Ball 3-2: Base on Balls
|
|
Batting: RHB Neil Worth
|
0-0: Ball 1-0: Ball 2-0: Fly out, F7 (Flyball, 78S, EV 82.5 MPH)
|
|
Batting: RHB Bill Turcotte
|
0-0: Foul Ball, location: 2F 0-1: Swinging Strike 0-2: Ball 1-2: Strikes out swinging
|
| Top of the 4th over - 0 runs, 0 hits, 0 errors, 2 left on base; Rice University 0 - Stanford University 1 |
| BOTTOM OF THE 4TH |
|
Stanford University Cardinal batting - Pitching for Rice University Owls : RHP Frank Renteria
|
|
Batting: RHB Erwin Young
|
0-0: Called Strike 0-1: Called Strike 0-2: Ball 1-2: Foul Ball, location: 2F 1-2: Ground out 6-3 (Groundball, 6S, EV 87.5 MPH)
|
|
Batting: RHB Eric McDonald
|
0-0: Fly out, F7 (Flyball, 7LM, EV 88.8 MPH)
|
|
Batting: LHB Mike Keating
|
0-0: Ball 1-0: Called Strike 1-1: Ball 2-1: Foul Ball, location: 2F 2-2: Strikes out swinging
|
| Bottom of the 4th over - 0 runs, 0 hits, 0 errors, 0 left on base; Rice University 0 - Stanford University 1 |
| TOP OF THE 5TH |
|
Rice University Owls batting - Pitching for Stanford University Cardinal : RHP Juvas Tanuja
|
|
Batting: RHB Allen Jarvis
|
0-0: Called Strike 0-1: Fly out, F7 (Line Drive, 7S, EV 91.2 MPH)
|
|
Batting: RHB Emanuel Pulido
|
0-0: Called Strike 0-1: Called Strike 0-2: Foul Ball, location: 2F 0-2: Ball 1-2: Ground out 6-3 (Groundball, 6S, EV 66.2 MPH)
|
|
Batting: RHB Frank Renteria
|
0-0: Ball 1-0: Called Strike 1-1: Ball 2-1: Ground out 4-3 (Groundball, 4, EV 86.2 MPH)
|
| Top of the 5th over - 0 runs, 0 hits, 0 errors, 0 left on base; Rice University 0 - Stanford University 1 |
| BOTTOM OF THE 5TH |
|
Stanford University Cardinal batting - Pitching for Rice University Owls : RHP Frank Renteria
|
|
Batting: RHB Josh Benefield
|
0-0: Called Strike 0-1: Ground out 6-3 (Groundball, 6, EV 85.6 MPH)
|
|
Batting: SHB Philippe Huff
|
0-0: Ball 1-0: Ground out 4-3 (Groundball, 4, EV 93.8 MPH)
|
|
Batting: LHB Donny Kleinjan
|
0-0: Swinging Strike 0-1: Foul Ball, location: 2F 0-2: Ball 1-2: Ball 2-2: Fly out, F8 (Line Drive, 8RM, EV 95.0 MPH)
|
| Bottom of the 5th over - 0 runs, 0 hits, 0 errors, 0 left on base; Rice University 0 - Stanford University 1 |
| TOP OF THE 6TH |
|
Rice University Owls batting - Pitching for Stanford University Cardinal : RHP Juvas Tanuja
|
|
Batting: LHB Chris Gonzales
|
0-0: Fly out, F7 (Flyball, 78D, EV 87.5 MPH)
|
|
Batting: RHB Javier Quinones
|
0-0: Ground out 6-3 (Groundball, 6, EV 85.6 MPH)
|
|
Batting: RHB Jose Soto
|
0-0: Called Strike 0-1: Ground out 6-3 (Groundball, 56, EV 80.0 MPH)
|
| Top of the 6th over - 0 runs, 0 hits, 0 errors, 0 left on base; Rice University 0 - Stanford University 1 |
| BOTTOM OF THE 6TH |
|
Stanford University Cardinal batting - Pitching for Rice University Owls : RHP Frank Renteria
|
|
Batting: RHB Joe Petley
|
0-0: Called Strike 0-1: Ball 1-1: Ball 2-1: Fly out, F7 (Line Drive, 7, EV 85.6 MPH)
|
|
Batting: RHB Dzevat Koljevic
|
0-0: Ball 1-0: Ball 2-0: Ground out 3-1 (Groundball, 13, EV 86.9 MPH)
|
|
Batting: RHB Gary Preston
|
0-0: Called Strike 0-1: Ball 1-1: Ball 2-1: Foul Ball, location: 2F 2-2: Fly out, F7 (Flyball, 7D, EV 103.8 MPH)
|
| Bottom of the 6th over - 0 runs, 0 hits, 0 errors, 0 left on base; Rice University 0 - Stanford University 1 |
| TOP OF THE 7TH |
|
Rice University Owls batting - Pitching for Stanford University Cardinal : RHP Juvas Tanuja
|
|
Batting: SHB Ken Wilson
|
0-0: Called Strike 0-1: Swinging Strike 0-2: Ball 1-2: Strikes out looking
|
|
Batting: RHB Neil Worth
|
0-0: Ball 1-0: Ball 2-0: Called Strike 2-1: Fly out, F7 (Flyball, 7, EV 87.5 MPH)
|
|
Batting: RHB Bill Turcotte
|
0-0: Called Strike 0-1: Ground out 5-3 (Groundball, 5L, EV 98.8 MPH)
|
| Top of the 7th over - 0 runs, 0 hits, 0 errors, 0 left on base; Rice University 0 - Stanford University 1 |
| BOTTOM OF THE 7TH |
|
Stanford University Cardinal batting - Pitching for Rice University Owls : RHP Frank Renteria
|
|
Batting: RHB Erwin Young
|
0-0: Foul Ball, location: 2F 0-1: Ball 1-1: Foul Ball, location: 2F 1-2: Strikes out swinging
|
|
Pitching: RHP Dejenie Mensah
|
|
|
Batting: RHB Eric McDonald
|
0-0: Ball 1-0: Ball 2-0: Foul Ball, location: 2F 2-1: Ground out 5-3 (Groundball, 5, EV 84.4 MPH)
|
|
Batting: LHB Mike Keating
|
0-0: Ball 1-0: Foul Ball, location: 2F 1-1: Swinging Strike 1-2: DOUBLE (Line Drive, 89D, EV 108.1 MPH)
|
|
Batting: RHB Josh Benefield
|
0-0: Called Strike 0-1: Foul Ball, location: 2F 0-2: Strikes out looking
|
| Bottom of the 7th over - 0 runs, 1 hit, 0 errors, 1 left on base; Rice University 0 - Stanford University 1 |
| TOP OF THE 8TH |
|
Rice University Owls batting - Pitching for Stanford University Cardinal : RHP Juvas Tanuja
|
|
Batting: RHB Allen Jarvis
|
0-0: Swinging Strike 0-1: Ball 1-1: Ball 2-1: Ball 3-1: Fly out, F8 (Flyball, 8RD, EV 78.8 MPH)
|
|
Pinch Hitting: SHB Dave Van Sickle
|
0-0: SINGLE (Groundball, P, EV 83.8 MPH) (infield hit)
|
|
Pitching: RHP Joe Kill
|
|
|
Batting: SHB Wendel van Baal
|
0-0: Foul Ball, location: 2F 0-1: Foul Ball, location: 2F 0-2: Ball 1-2: Ball 2-2: Strikes out swinging
|
|
Batting: LHB Chris Gonzales
|
0-0: Ball 1-0: Ball 2-0: Ground out 4-3 (Groundball, 34D, EV 98.1 MPH)
|
| Top of the 8th over - 0 runs, 1 hit, 0 errors, 1 left on base; Rice University 0 - Stanford University 1 |
| BOTTOM OF THE 8TH |
|
Stanford University Cardinal batting - Pitching for Rice University Owls : RHP Dejenie Mensah
|
|
Now at 2B: Alex Alvarez
|
|
|
Batting: SHB Philippe Huff
|
0-0: Called Strike 0-1: Foul Ball, location: 2F 0-2: Foul Ball, location: 2F 0-2: Ball 1-2: Foul Ball, location: 2F 1-2: Ball 2-2: Ball 3-2: Strikes out looking
|
|
Batting: LHB Donny Kleinjan
|
0-0: Ball 1-0: Ground out 4-3 (Groundball, 34, EV 80.0 MPH)
|
|
Batting: RHB Ricky Medina
|
0-0: Ball 1-0: Ball 2-0: Fly out, F9 (Flyball, 9S, EV 91.9 MPH)
|
| Bottom of the 8th over - 0 runs, 0 hits, 0 errors, 0 left on base; Rice University 0 - Stanford University 1 |
| TOP OF THE 9TH |
|
Rice University Owls batting - Pitching for Stanford University Cardinal : RHP Joe Kill
|
|
Pitching: LHP Larry Steen
|
|
|
Batting: RHB Javier Quinones
|
0-0: Called Strike 0-1: Ball 1-1: Ball 2-1: Reached on error, E6 (Groundball, 6, EV 108.8 MPH)
|
|
Batting: RHB Jose Soto
|
0-0: Called Strike 0-1: Foul Ball, location: 2F 0-2: Foul Ball, location: 2F 0-2: Ball 1-2: Ball 2-2: Foul Ball, location: 2F 2-2: Fly out, F8 (Line Drive, 89M, EV 88.1 MPH) Runner from 2nd tags up, SAFE at 3rd with throw by CF
|
|
Batting: SHB Ken Wilson
|
0-0: Ball 1-0: Called Strike 1-1: Fly out, F7 (Flyball, 7, EV 87.5 MPH) Runner from 3rd tags up, OUT at HOME! 7-2
|
| Top of the 9th over - 0 runs, 0 hits, 1 error, 0 left on base; Rice University 0 - Stanford University 1 |
|